 Dungeon Crawl Stone Soup version 0.19.1-1-g22dce08 (webtiles) character file.

674 ponk the Covert (level 7, -4/45 HPs)
             Began as an Octopode Assassin on Jan 12, 2017.
             Slain by Edmund
             ... wielding a +6 flail of protection
              (11 damage)
             ... on level 4 of the Dungeon.
             The game lasted 00:15:06 (4329 turns).

ponk the Covert (Octopode Assassin)                 Turns: 4329, Time: 00:15:07

Health: -4/45      AC:  1    Str: 11    XL:     7   Next: 59%
Magic:  7/7        EV: 13    Int: 13    God:
Gold:   213        SH:  0    Dex: 15    Spells: 0 memorised, 6 levels left

rFire  . . .     SeeInvis .     w - +1 short sword (speed)
rCold  . . .     Gourm    .     (no shield)
rNeg   . . .     Faith    .     (helmet restricted)
rPois  .         Spirit   .     (no amulet)
rElec  .         Reflect  .     (no ring)
rCorr  .         Harm     .     (no ring)
MR     .....                    (no ring)
Stlth  ++++++....               (no ring)
                                (no ring)
                                (no ring)
                                (no ring)
                                (no ring)

@: no status effects
A: almost no armour, stealthy swim, amphibious, 8 rings, constrict 8, camouflage
1, gelatinous body 1
a: no special abilities


You were on level 4 of the Dungeon.
You were hungry.

You visited 1 branch of the dungeon, and saw 5 of its levels.

You collected 213 gold pieces.

Inventory:

Hand Weapons
 a - a +2 dagger
 b - a +0 blowgun
 n - a +0 spear
 o - a +0 shortbow
 w - a +1 short sword of speed (weapon)
Missiles
 c - 45 poisoned needles
 d - 2 curare-tipped needles
 p - 37 arrows
 s - 3 steel tomahawks (quivered)
Jewellery
 m - an uncursed ring of see invisible {unknown}
 x - an uncursed amulet of harm {unknown}
Scrolls
 e - 4 scrolls of remove curse
 u - a scroll of enchant weapon {unknown}
 v - a scroll of recharging
Potions
 k - a potion of magic
 l - 2 potions of agility {unknown}
 r - 2 potions of haste {unknown}
Comestibles
 f - 4 bread rations
 h - 3 meat rations
 t - a chunk of flesh
 z - 2 fruits


   Skills:
 - Level 2.0 Fighting
 - Level 2.0 Short Blades
 - Level 2.0 Throwing
 - Level 1.0 Dodging
 + Level 12.3 Stealth


You had 6 spell levels left.
You didn't know any spells.

Dungeon Overview and Level Annotations

Branches:
Dungeon (5/15)
 Temple: D:4-7

Altars:
Sif Muna

Annotations:
D:4 Edmund


Innate Abilities, Weirdness & Mutations

You cannot wear most types of armour.
You are very stealthy in the water. (Stealth+)
You are amphibious.
You can wear up to eight rings at the same time.
You can use your tentacles to constrict eight enemies at once.
Your skin changes colour to match your surroundings (Stealth+).
Your rubbery body absorbs attacks. (AC +1, EV +1)


Message History

You hit Edmund but do no damage.
Edmund is heavily wounded.
You constrict Edmund.
Edmund hits you with a flail of protection!
* * * LOW HITPOINT WARNING * * *
You hit Edmund but do no damage.
Edmund is severely wounded.
You constrict Edmund.
You feel better.
You constrict Edmund, but do no damage.
Edmund hits you with a flail of protection.
* * * LOW HITPOINT WARNING * * *
You hit Edmund but do no damage.
Edmund is severely wounded.
You constrict Edmund.
Edmund hits you with a flail of protection.
* * * LOW HITPOINT WARNING * * *
It was a potion of magic.
Magic courses through your body.
You constrict Edmund.
Edmund hits you with a flail of protection!
You die...

..................#..............
..........@.†.....#..............
######...####....###..####.##...#
#.####...####....###..####+##...#
....>...................#........
........................#........
........................#........
........................#........
#..###..########@.###...##......#
#..###..###...##@.###...#########
....#..........#...#.............
....'..........'...#.............
....#..........#...#.............
....#........<.#...#.............
#####..###..####'####..###......#
.####..###..####..###..###.....<#
.............@.....#.............


You could see Edmund.

Vanquished Creatures
  Sigmund (D:3)
  An ogre (D:4)
  A centaur (D:3)
  2 orc priests (D:3)
  Terence (D:3)
  An iguana (D:3)
  An orc wizard (D:5)
  4 gnolls (D:2)
  8 adders
  An ooze (D:3)
  3 worms
  3 dart slugs
  4 leopard geckos
  7 orcs
  2 giant cockroaches
  8 goblins
  8 hobgoblins
  11 jackals
  2 quokkas
  13 bats
  7 frilled lizards
  6 rats
95 creatures vanquished.

Notes
Turn   | Place    | Note
-------+----------+-------------------------------------------
     0 | D:1      | ponk the Octopode Assassin began the quest for the Orb.
     0 | D:1      | Reached XP level 1. HP: 14/14 MP: 1/1
    80 | D:1      | Reached XP level 2. HP: 13/19 MP: 2/2
    83 | D:1      | Reached skill level 6 in Stealth
   567 | D:1      | Reached XP level 3. HP: 13/24 MP: 3/3
  1063 | D:2      | Reached skill level 7 in Stealth
  1136 | D:2      | Reached XP level 4. HP: 29/29 MP: 4/4
  1143 | D:2      | Reached skill level 8 in Stealth
  1734 | D:3      | Reached XP level 5. HP: 24/34 MP: 5/5
  2122 | D:3      | Noticed a centaur
  2129 | D:3      | Killed a centaur
  2129 | D:3      | Reached skill level 9 in Stealth
  2187 | D:3      | Reached XP level 6. HP: 39/39 MP: 6/6
  2221 | D:3      | Found a deep blue altar of Sif Muna.
  2275 | D:3      | Reached skill level 10 in Stealth
  2933 | D:3      | Noticed Sigmund
  2940 | D:3      | Killed Sigmund
  2940 | D:3      | Reached skill level 11 in Stealth
  2940 | D:3      | Reached XP level 7. HP: 45/45 MP: 7/7
  3015 | D:3      | Noticed Terence
  3028 | D:3      | Killed Terence
  3521 | D:4      | Reached skill level 12 in Stealth
  3995 | D:5      | Entered Level 5 of the Dungeon
  4060 | D:5      | Noticed Edmund
  4275 | D:4      | HP: 2/45 [bat (1)]
  4281 | D:4      | HP: 1/45 [bat (1)]
  4329 | D:4      | Slain by Edmund

Skill      XL: |  1  2  3  4  5  6  7 |
---------------+----------------------+-----
Stealth        | 6 7 8 9 11 12 | 12.3
Fighting       | |  2.0
Short Blades   | |  2.0
Throwing       | |  2.0
Dodging        | |  1.0

Action                   |  1- 3 |  4- 6 |  7- 9 || total
-------------------------+-------+-------+-------++-------
Melee: Dagger            |    66 |    70 |    35 ||   171
       Tentacles         |    11 |    17 |    20 ||    48
       Constrict         |    12 |    20 |    12 ||    44
       Spear             |       |    19 |       ||    19
       Short sword       |       |       |    49 ||    49
 Fire: Blowgun           |       |     6 |       ||     6
  Use: Scroll            |     2 |     7 |     3 ||    12
       Potion            |       |       |     5 ||     5
 Stab: Sleeping          |     9 |    12 |    10 ||    31
       Distracted        |       |     1 |       ||     1
  Eat: Chunk             |     1 |     5 |     4 ||    10
Armor: Skin              |    11 |     6 |    38 ||    55
Dodge: Dodged            |    44 |    41 |   142 ||   227
